Workbook

Sheet 法非適用_下水道事業
B2: 経営比較分析表（平成28年度決算）
B6: =データ!H6 -> 広島県 庄原市
B7: 業務名 | I7: 業種名 | P7: 事業名 | W7: 類似団体区分 | AD7: 管理者の情報 | AL7: 人口（人） | AT7: 面積(km2) | BB7: 人口密度(人/km2) | BL7: グラフ凡例
B8: =データ!I6 -> 法非適用 | I8: =データ!J6 -> 下水道事業 | P8: =データ!K6 -> 特定環境保全公共下水道 | W8: =データ!L6 -> D2 | AD8: 非設置 | AL8: =データ!S6 -> 37000 | AT8: =データ!T6 -> 1246.49 | BB8: =データ!U6 -> 29.68 | BL8: ■ | BN8: 当該団体値（当該値）
B9: 資金不足比率(％) | I9: 自己資本構成比率(％) | P9: 普及率(％) | W9: 有収率(％) | AD9: 1か月20ｍ3当たり家庭料金(円) | AL9: 処理区域内人口(人) | AT9: 処理区域面積(km2) | BB9: 処理区域内人口密度(人/km2) | BL9: － | BN9: 類似団体平均値（平均値）
B10: =データ!N6 -> - | I10: =データ!O6 -> 該当数値なし | P10: =データ!P6 -> 5.72 | W10: =データ!Q6 -> 93.78 | AD10: =データ!R6 -> 3771 | AL10: =データ!V6 -> 2094 | AT10: =データ!W6 -> 1.35 | BB10: =データ!X6 -> 1551.11 | BL10: 【】 | BN10: 平成28年度全国平均
BL11: 分析欄
B14: 1. 経営の健全性・効率性 | BL14: 1. 経営の健全性・効率性について
BL16: ①収益的収支比率は、毎年増加して、平成28年度で99.25％とほぼ100％であり、総収入の内62.9％が一般会計からの繰入金によるものである。なお、単年度決算では赤字であるため、引き続き経営改善に取り組むとともに、受益者負担の原則に基づき、使用料の適正化に努める。 ④企業債残高対事業規模比率は、横ばい状況であり、平成28年度は503.41％となっている。類似団体の38.8％と非常に少なく、引き続き適正な投資に努める。 ⑤経費回収率は、増加傾向にあり、平成28年度で94.26％と、類似団体より24ポイント高い。100％を下回っているため、適正な使用料収入の確保と汚水処理費の削減が必要である。 ⑥汚水処理原価は、減少傾向にあり、平成28年度で223.88円となっている。類似団体より11ポイント低く、引き続き汚水処理コストの削減に努める。 ⑦施設利用率は、横ばい状況であり、平成28年度で38.88％と、類似団体より4ポイント低い。最大稼働率は56.75％である。 ⑧水洗化率は、増加傾向にあり、平成28年度で80.95％である。類似団体より2ポイント低く、100％未満であるため、水洗化率の向上の取り組みが必要である。
C34: 「単年度の収支」 | R34: 「累積欠損」 | AG34: 「支払能力」 | AV34: 「債務残高」
BL45: 2. 老朽化の状況について
BL47: 管渠改善率は、全くない。類似団体も0.09％である。 最も早い供用開始が平成6年で、管渠工事後24年程度と耐用年数の半分に達していない。
C56: 「料金水準の適切性」 | R56: 「費用の効率性」 | AG56: 「施設の効率性」 | AV56: 「使用料対象の捕捉」
B60: 2. 老朽化の状況
BL64: 全体総括
BL66: 経営の健全性・効率性の分析の結果、適正な使用料収入の確保と汚水処理費の削減及び水洗化率の向上の取り組みが必要となった。 処理場やマンホールポンプの長寿命化を始めとする維持管理費の削減に取り組むとともに、受益者負担の原則に基づく適正な使用者負担を求める。 水洗化促進に引き続き取り組む。
C79: 「施設全体の減価償却の状況」 | W79: 「管渠の経年化の状況」 | AQ79: 「管渠の更新投資・老朽化対策の実施状況」
C83: ※ 法適用企業と類似団体区分が同じため、収益的収支比率の類似団体平均等を表示していません。
C84: ※ 平成24年度から平成25年度における各指標の類似団体平均値は、当時の事業数を基に算出していますが、企業債残高対事業規模比率及び管渠改善率については、平成26年度の事業数を基に類似団体平均値を算出しています。
B85: 全国平均 | E85: 1① | F85: 1② | G85: 1③ | H85: 1④ | I85: 1⑤ | J85: 1⑥ | K85: 1⑦ | L85: 1⑧ | M85: 2① | N85: 2② | O85: 2③
E86: =データ!AI6 | F86: - | G86: - | H86: =データ!BP6 -> 【1,348.09】 | I86: =データ!CA6 -> 【69.80】 | J86: =データ!CL6 -> 【232.54】 | K86: =データ!CW6 -> 【42.17】 | L86: =データ!DH6 -> 【82.30】 | M86: - | N86: - | O86: =データ!EO6 -> 【0.09】

Sheet データ
A1: 下水道事業(法非適用) | Y1: 1 | Z1: 1 | AA1: 1 | AB1: 1 | AC1: 1 | AD1: 1 | AE1: 1 | AF1: 1 | AG1: 1 | AH1: 1 | AJ1: 1 | AK1: 1 | AL1: 1 | AM1: 1 | AN1: 1 | AO1: 1 | AP1: 1 | AQ1: 1 | AR1: 1 | AS1: 1 | AU1: 1 | AV1: 1 | AW1: 1 | AX1: 1 | AY1: 1 | AZ1: 1 | BA1: 1 | BB1: 1 | BC1: 1 | BD1: 1 | BF1: 1 | BG1: 1 | BH1: 1 | BI1: 1 | BJ1: 1 | BK1: 1 | BL1: 1 | BM1: 1 | BN1: 1 | BO1: 1 | BQ1: 1 | BR1: 1 | BS1: 1 | BT1: 1 | BU1: 1 | BV1: 1 | BW1: 1 | BX1: 1 | BY1: 1 | BZ1: 1 | CB1: 1 | CC1: 1 | CD1: 1 | CE1: 1 | CF1: 1 | CG1: 1 | CH1: 1 | CI1: 1 | CJ1: 1 | CK1: 1 | CM1: 1 | CN1: 1 | CO1: 1 | CP1: 1 | CQ1: 1 | CR1: 1 | CS1: 1 | CT1: 1 | CU1: 1 | CV1: 1 | CX1: 1 | CY1: 1 | CZ1: 1 | DA1: 1 | DB1: 1 | DC1: 1 | DD1: 1 | DE1: 1 | DF1: 1 | DG1: 1 | DI1: 1 | DJ1: 1 | DK1: 1 | DL1: 1 | DM1: 1 | DN1: 1 | DO1: 1 | DP1: 1 | DQ1: 1 | DR1: 1 | DT1: 1 | DU1: 1 | DV1: 1 | DW1: 1 | DX1: 1 | DY1: 1 | DZ1: 1 | EA1: 1 | EB1: 1 | EC1: 1 | EE1: 1 | EF1: 1 | EG1: 1 | EH1: 1 | EI1: 1 | EJ1: 1 | EK1: 1 | EL1: 1 | EM1: 1 | EN1: 1
A2: 項番 | B2: =COLUMN()-1 -> 1 | C2: =COLUMN()-1 -> 2 | D2: =COLUMN()-1 -> 3 | E2: =COLUMN()-1 -> 4 | F2: =COLUMN()-1 -> 5 | G2: =COLUMN()-1 -> 6 | H2: =COLUMN()-1 -> 7 | I2: =COLUMN()-1 -> 8 | ... EO2: =COLUMN()-1 -> 144
A3: 大項目 | B3: 年度 | C3: 団体CD | D3: 業務CD | E3: 業種CD | F3: 事業CD | G3: 施設CD | H3: 基本情報 | Y3: 1. 経営の健全性・効率性 | DI3: 2. 老朽化の状況
A4: 中項目 | Y4: ①収益的収支比率(％) | AJ4: ②累積欠損金比率(％) | AU4: ③流動比率(％) | BF4: ④企業債残高対事業規模比率(％) | BQ4: ⑤経費回収率(％) | CB4: ⑥汚水処理原価(円) | CM4: ⑦施設利用率(％) | CX4: ⑧水洗化率(％) | DI4: ①有形固定資産減価償却率(％) | DT4: ②管渠老朽化率(％) | EE4: ③管渠改善率(％)
A5: 小項目 | H5: 都道府県名 | I5: 法適・法非適 | J5: 業種名称 | K5: 事業名称 | L5: 類似団体 | M5: 管理者の情報 | N5: 資金不足比率 | O5: 自己資本構成比率 | P5: 普及率 | Q5: 有収率 | R5: 1ヶ月20㎥当たり家庭料金 | S5: 人口 | T5: 面積 | U5: 人口密度 | V5: 処理区域内人口 | W5: 処理区域面積 | X5: 処理区域内人口密度 | Y5: 比率(N-4) | Z5: 比率(N-3) | AA5: 比率(N-2) | AB5: 比率(N-1) | AC5: 比率(N) | AD5: 類似団体平均(N-4) | AE5: 類似団体平均(N-3) | AF5: 類似団体平均(N-2) | AG5: 類似団体平均(N-1) | AH5: 類似団体平均(N) | AI5: 全国平均 | AJ5: 比率(N-4) | AK5: 比率(N-3) | AL5: 比率(N-2) | AM5: 比率(N-1) | AN5: 比率(N) | AO5: 類似団体平均(N-4) | AP5: 類似団体平均(N-3) | AQ5: 類似団体平均(N-2) | AR5: 類似団体平均(N-1) | AS5: 類似団体平均(N) | AT5: 全国平均 | AU5: 比率(N-4) | AV5: 比率(N-3) | AW5: 比率(N-2) | AX5: 比率(N-1) | AY5: 比率(N) | AZ5: 類似団体平均(N-4) | BA5: 類似団体平均(N-3) | BB5: 類似団体平均(N-2) | BC5: 類似団体平均(N-1) | BD5: 類似団体平均(N) | BE5: 全国平均 | BF5: 比率(N-4) | BG5: 比率(N-3) | BH5: 比率(N-2) | BI5: 比率(N-1) | BJ5: 比率(N) | BK5: 類似団体平均(N-4) | BL5: 類似団体平均(N-3) | BM5: 類似団体平均(N-2) | BN5: 類似団体平均(N-1) | BO5: 類似団体平均(N) | BP5: 全国平均 | BQ5: 比率(N-4) | BR5: 比率(N-3) | BS5: 比率(N-2) | BT5: 比率(N-1) | BU5: 比率(N) | BV5: 類似団体平均(N-4) | BW5: 類似団体平均(N-3) | BX5: 類似団体平均(N-2) | BY5: 類似団体平均(N-1) | BZ5: 類似団体平均(N) | CA5: 全国平均 | CB5: 比率(N-4) | CC5: 比率(N-3) | CD5: 比率(N-2) | CE5: 比率(N-1) | CF5: 比率(N) | CG5: 類似団体平均(N-4) | CH5: 類似団体平均(N-3) | CI5: 類似団体平均(N-2) | CJ5: 類似団体平均(N-1) | CK5: 類似団体平均(N) | CL5: 全国平均 | CM5: 比率(N-4) | CN5: 比率(N-3) | CO5: 比率(N-2) | CP5: 比率(N-1) | CQ5: 比率(N) | CR5: 類似団体平均(N-4) | CS5: 類似団体平均(N-3) | CT5: 類似団体平均(N-2) | CU5: 類似団体平均(N-1) | CV5: 類似団体平均(N) | CW5: 全国平均 | CX5: 比率(N-4) | CY5: 比率(N-3) | CZ5: 比率(N-2) | DA5: 比率(N-1) | DB5: 比率(N) | DC5: 類似団体平均(N-4) | DD5: 類似団体平均(N-3) | DE5: 類似団体平均(N-2) | DF5: 類似団体平均(N-1) | DG5: 類似団体平均(N) | DH5: 全国平均 | DI5: 比率(N-4) | DJ5: 比率(N-3) | DK5: 比率(N-2) | DL5: 比率(N-1) | DM5: 比率(N) | DN5: 類似団体平均(N-4) | DO5: 類似団体平均(N-3) | DP5: 類似団体平均(N-2) | DQ5: 類似団体平均(N-1) | DR5: 類似団体平均(N) | DS5: 全国平均 | DT5: 比率(N-4) | DU5: 比率(N-3) | DV5: 比率(N-2) | DW5: 比率(N-1) | DX5: 比率(N) | DY5: 類似団体平均(N-4) | DZ5: 類似団体平均(N-3) | EA5: 類似団体平均(N-2) | EB5: 類似団体平均(N-1) | EC5: 類似団体平均(N) | ED5: 全国平均 | EE5: 比率(N-4) | EF5: 比率(N-3) | EG5: 比率(N-2) | EH5: 比率(N-1) | EI5: 比率(N) | EJ5: 類似団体平均(N-4) | EK5: 類似団体平均(N-3) | EL5: 類似団体平均(N-2) | EM5: 類似団体平均(N-1) | EN5: 類似団体平均(N) | EO5: 全国平均
A6: 参照用 | B6: =B7 -> 2016 | C6: =C7 -> 342106 | D6: =D7 -> 47 | E6: =E7 -> 17 | F6: =F7 -> 4 | G6: =G7 -> 0 | H6: =H7 -> 広島県 庄原市 | I6: =I7 -> 法非適用 | ... X6: =X7 -> 1551.11 | Y6: =IF(Y7="",NA(),Y7) -> 81.13 | Z6: =IF(Z7="",NA(),Z7) -> 81.42 | AA6: =IF(AA7="",NA(),AA7) -> 92.59 | AB6: =IF(AB7="",NA(),AB7) -> 98.74 | AC6: =IF(AC7="",NA(),AC7) -> 99.25 | AD6: =IF(AD7="",NA(),AD7) -> #N/A | AE6: =IF(AE7="",NA(),AE7) -> #N/A | AF6: =IF(AF7="",NA(),AF7) -> #N/A | ... AH6: =IF(AH7="",NA(),AH7) -> #N/A | AI6: =IF(AI7="","",IF(AI7="-","【-】","【"&SUBSTITUTE(TEXT(AI7,"#,##0.00"),"-","△")&"】")) | AJ6: =IF(AJ7="",NA(),AJ7) -> #N/A | AK6: =IF(AK7="",NA(),AK7) -> #N/A | AL6: =IF(AL7="",NA(),AL7) -> #N/A | AM6: =IF(AM7="",NA(),AM7) -> #N/A | AN6: =IF(AN7="",NA(),AN7) -> #N/A | AO6: =IF(AO7="",NA(),AO7) -> #N/A | AP6: =IF(AP7="",NA(),AP7) -> #N/A | AQ6: =IF(AQ7="",NA(),AQ7) -> #N/A | ... AS6: =IF(AS7="",NA(),AS7) -> #N/A | AT6: =IF(AT7="","",IF(AT7="-","【-】","【"&SUBSTITUTE(TEXT(AT7,"#,##0.00"),"-","△")&"】")) | AU6: =IF(AU7="",NA(),AU7) -> #N/A | AV6: =IF(AV7="",NA(),AV7) -> #N/A | AW6: =IF(AW7="",NA(),AW7) -> #N/A | AX6: =IF(AX7="",NA(),AX7) -> #N/A | AY6: =IF(AY7="",NA(),AY7) -> #N/A | AZ6: =IF(AZ7="",NA(),AZ7) -> #N/A | BA6: =IF(BA7="",NA(),BA7) -> #N/A | BB6: =IF(BB7="",NA(),BB7) -> #N/A | ... BD6: =IF(BD7="",NA(),BD7) -> #N/A | BE6: =IF(BE7="","",IF(BE7="-","【-】","【"&SUBSTITUTE(TEXT(BE7,"#,##0.00"),"-","△")&"】")) | BF6: =IF(BF7="",NA(),BF7) -> 476.08 | BG6: =IF(BG7="",NA(),BG7) -> 346.31 | BH6: =IF(BH7="",NA(),BH7) -> 233.66 | BI6: =IF(BI7="",NA(),BI7) -> 504.33 | BJ6: =IF(BJ7="",NA(),BJ7) -> 503.41 | BK6: =IF(BK7="",NA(),BK7) -> 1622.51 | BL6: =IF(BL7="",NA(),BL7) -> 1569.13 | BM6: =IF(BM7="",NA(),BM7) -> 1436 | ... BO6: =IF(BO7="",NA(),BO7) -> 1298.91 | BP6: =IF(BP7="","",IF(BP7="-","【-】","【"&SUBSTITUTE(TEXT(BP7,"#,##0.00"),"-","△")&"】")) -> 【1,348.09】 | BQ6: =IF(BQ7="",NA(),BQ7) -> 68.52 | BR6: =IF(BR7="",NA(),BR7) -> 67.6 | BS6: =IF(BS7="",NA(),BS7) -> 84.61 | BT6: =IF(BT7="",NA(),BT7) -> 96.92 | BU6: =IF(BU7="",NA(),BU7) -> 94.26 | BV6: =IF(BV7="",NA(),BV7) -> 62.83 | BW6: =IF(BW7="",NA(),BW7) -> 64.63 | BX6: =IF(BX7="",NA(),BX7) -> 66.56 | ... BZ6: =IF(BZ7="",NA(),BZ7) -> 69.87 | CA6: =IF(CA7="","",IF(CA7="-","【-】","【"&SUBSTITUTE(TEXT(CA7,"#,##0.00"),"-","△")&"】")) -> 【69.80】 | CB6: =IF(CB7="",NA(),CB7) -> 291.14 | CC6: =IF(CC7="",NA(),CC7) -> 290.97 | CD6: =IF(CD7="",NA(),CD7) -> 238.26 | CE6: =IF(CE7="",NA(),CE7) -> 208.83 | CF6: =IF(CF7="",NA(),CF7) -> 223.88 | CG6: =IF(CG7="",NA(),CG7) -> 250.43 | CH6: =IF(CH7="",NA(),CH7) -> 245.75 | CI6: =IF(CI7="",NA(),CI7) -> 244.29 | ... CK6: =IF(CK7="",NA(),CK7) -> 234.96 | CL6: =IF(CL7="","",IF(CL7="-","【-】","【"&SUBSTITUTE(TEXT(CL7,"#,##0.00"),"-","△")&"】")) -> 【232.54】 | CM6: =IF(CM7="",NA(),CM7) -> 41 | CN6: =IF(CN7="",NA(),CN7) -> 41 | CO6: =IF(CO7="",NA(),CO7) -> 39.75 | CP6: =IF(CP7="",NA(),CP7) -> 38.88 | CQ6: =IF(CQ7="",NA(),CQ7) -> 38.88 | CR6: =IF(CR7="",NA(),CR7) -> 42.31 | CS6: =IF(CS7="",NA(),CS7) -> 43.65 | CT6: =IF(CT7="",NA(),CT7) -> 43.58 | ... CV6: =IF(CV7="",NA(),CV7) -> 42.9 | CW6: =IF(CW7="","",IF(CW7="-","【-】","【"&SUBSTITUTE(TEXT(CW7,"#,##0.00"),"-","△")&"】")) -> 【42.17】 | CX6: =IF(CX7="",NA(),CX7) -> 81.44 | CY6: =IF(CY7="",NA(),CY7) -> 85.53 | CZ6: =IF(CZ7="",NA(),CZ7) -> 78.31 | DA6: =IF(DA7="",NA(),DA7) -> 80.23 | DB6: =IF(DB7="",NA(),DB7) -> 80.95 | DC6: =IF(DC7="",NA(),DC7) -> 81.3 | DD6: =IF(DD7="",NA(),DD7) -> 82.2 | DE6: =IF(DE7="",NA(),DE7) -> 82.35 | ... DG6: =IF(DG7="",NA(),DG7) -> 83.5 | DH6: =IF(DH7="","",IF(DH7="-","【-】","【"&SUBSTITUTE(TEXT(DH7,"#,##0.00"),"-","△")&"】")) -> 【82.30】 | DI6: =IF(DI7="",NA(),DI7) -> #N/A | DJ6: =IF(DJ7="",NA(),DJ7) -> #N/A | DK6: =IF(DK7="",NA(),DK7) -> #N/A | DL6: =IF(DL7="",NA(),DL7) -> #N/A | DM6: =IF(DM7="",NA(),DM7) -> #N/A | DN6: =IF(DN7="",NA(),DN7) -> #N/A | DO6: =IF(DO7="",NA(),DO7) -> #N/A | DP6: =IF(DP7="",NA(),DP7) -> #N/A | ... DR6: =IF(DR7="",NA(),DR7) -> #N/A | DS6: =IF(DS7="","",IF(DS7="-","【-】","【"&SUBSTITUTE(TEXT(DS7,"#,##0.00"),"-","△")&"】")) | DT6: =IF(DT7="",NA(),DT7) -> #N/A | DU6: =IF(DU7="",NA(),DU7) -> #N/A | DV6: =IF(DV7="",NA(),DV7) -> #N/A | DW6: =IF(DW7="",NA(),DW7) -> #N/A | DX6: =IF(DX7="",NA(),DX7) -> #N/A | DY6: =IF(DY7="",NA(),DY7) -> #N/A | DZ6: =IF(DZ7="",NA(),DZ7) -> #N/A | EA6: =IF(EA7="",NA(),EA7) -> #N/A | ... EC6: =IF(EC7="",NA(),EC7) -> #N/A | ED6: =IF(ED7="","",IF(ED7="-","【-】","【"&SUBSTITUTE(TEXT(ED7,"#,##0.00"),"-","△")&"】")) | EE6: =IF(EE7="",NA(),EE7) -> 0 | EF6: =IF(EF7="",NA(),EF7) -> 0 | EG6: =IF(EG7="",NA(),EG7) -> 0 | EH6: =IF(EH7="",NA(),EH7) -> 0 | EI6: =IF(EI7="",NA(),EI7) -> 0 | EJ6: =IF(EJ7="",NA(),EJ7) -> 0.11 | EK6: =IF(EK7="",NA(),EK7) -> 0.05 | EL6: =IF(EL7="",NA(),EL7) -> 0.04 | ... EN6: =IF(EN7="",NA(),EN7) -> 0.09 | EO6: =IF(EO7="","",IF(EO7="-","【-】","【"&SUBSTITUTE(TEXT(EO7,"#,##0.00"),"-","△")&"】")) -> 【0.09】
B7: 2016 | C7: 342106 | D7: 47 | E7: 17 | F7: 4 | G7: 0 | H7: 広島県 庄原市 | I7: 法非適用 | J7: 下水道事業 | K7: 特定環境保全公共下水道 | L7: D2 | N7: - | O7: 該当数値なし | P7: 5.72 | Q7: 93.78 | R7: 3771 | S7: 37000 | T7: 1246.49 | U7: 29.68 | V7: 2094 | W7: 1.35 | X7: 1551.11 | Y7: 81.13 | Z7: 81.42 | AA7: 92.59 | AB7: 98.74 | AC7: 99.25 | BF7: 476.08 | BG7: 346.31 | BH7: 233.66 | BI7: 504.33 | BJ7: 503.41 | BK7: 1622.51 | BL7: 1569.13 | BM7: 1436 | BN7: 1434.89 | BO7: 1298.91 | BP7: 1348.09 | BQ7: 68.52 | BR7: 67.6 | BS7: 84.61 | BT7: 96.92 | BU7: 94.26 | BV7: 62.83 | BW7: 64.63 | BX7: 66.56 | BY7: 66.22 | BZ7: 69.87 | CA7: 69.8 | CB7: 291.14 | CC7: 290.97 | CD7: 238.26 | CE7: 208.83 | CF7: 223.88 | CG7: 250.43 | CH7: 245.75 | CI7: 244.29 | CJ7: 246.72 | CK7: 234.96 | CL7: 232.54 | CM7: 41 | CN7: 41 | CO7: 39.75 | CP7: 38.88 | CQ7: 38.88 | CR7: 42.31 | CS7: 43.65 | CT7: 43.58 | CU7: 41.35 | CV7: 42.9 | CW7: 42.17 | CX7: 81.44 | CY7: 85.53 | CZ7: 78.31 | DA7: 80.23 | DB7: 80.95 | DC7: 81.3 | DD7: 82.2 | DE7: 82.35 | DF7: 82.9 | DG7: 83.5 | DH7: 82.3 | EE7: 0 | EF7: 0 | EG7: 0 | EH7: 0 | EI7: 0 | EJ7: 0.11 | EK7: 0.05 | EL7: 0.04 | EM7: 0.07 | EN7: 0.09 | EO7: 0.09
B9: Ｎ－４年度 | C9: Ｎ－３年度 | D9: Ｎ－２年度 | E9: Ｎ－１年度 | F9: Ｎ年度
A10: 年度 | B10: =DATEVALUE($B$6-4&"年1月1日") -> 40909 | C10: =DATEVALUE($B$6-3&"年1月1日") -> 41275 | D10: =DATEVALUE($B$6-2&"年1月1日") -> 41640 | E10: =DATEVALUE($B$6-1&"年1月1日") -> 42005 | F10: =DATEVALUE($B$6&"年1月1日") -> 42370
